 Dungeon Crawl Stone Soup version 0.30-a0-331-g8ab09dc110 (webtiles) character file.

Game seed: 6829220383790643531

30296 p00ps00p the Warrior (level 13, -7/125 (133) HPs)
             Began as a Hill Orc Fighter on Oct 30, 2022.
             Was an Initiate of Gozag.
             Killed from afar by an orc sorcerer (38 damage)
             ... with a bolt of negative energy
             ... led by an orc knight
             ... on level 2 of the Orcish Mines.
             The game lasted 00:55:29 (18689 turns).

p00ps00p the Warrior (Hill Orc Fighter)            Turns: 18689, Time: 00:55:30

HP:   -7/125 (133)  AC: 16    Str: 20    XL:     13   Next: 50%
MP:   13/13         EV: 18    Int:  8    God:    Gozag
Gold: 2586          SH: 15    Dex: 14    Spells: 12/12 levels left

rFire   . . .      SeeInvis .    a - +3 war axe (freeze)
rCold   . . .      Faith    .    c - +3 buckler
rNeg    . . .      Spirit   .    H - +0 ring mail {rPois}
rPois   +          Reflect  +    v - +2 helmet
rElec   .          Harm     .    D - scarf {repulsion}
rCorr   .          Rampage  .    U - +2 pair of gloves {hurl}
Will    .....                    n - +0 pair of boots
Stlth   +.........               w - amulet of reflection
HPRegen 0.40/turn                d - +4 ring of evasion
MPRegen 0.13/turn                J - +4 ring of evasion

@: drained, repel missiles
A: no striking features
a: Renounce Religion, Potion Petition, Call Merchant, Bribe Branch


You were on level 2 of the Orcish Mines.
You worshipped Gozag.
Gozag was most pleased with you.
You visited 3 branches of the dungeon, and saw 16 of its levels.

You collected 4018 gold pieces.
You spent 1424 gold pieces at shops.
You paid 8 gold pieces to Gozag.

Inventory:

Hand Weapons
 a - a +3 war axe of freezing (weapon)
Missiles
 f - 3 curare-tipped darts (quivered)
 o - 3 throwing nets
 F - 4 atropa-tipped darts
 Q - 9 poisoned darts
Armour
 c - a +3 buckler (worn)
 n - a +0 pair of boots (worn)
 v - a +2 helmet (worn)
 D - a scarf of repulsion (worn)
 H - a +0 ring mail of poison resistance (worn)
 U - a +2 pair of gloves of hurling (worn)
Jewellery
 d - a +4 ring of evasion (left hand)
 r - a +4 ring of slaying
 s - the ring of Todep {Fly rElec rN+}
   (You found it on level 2 of the Dungeon)

   [ring of flight]

   rElec:     It insulates you from electricity.
   rN:        It protects you from negative energy.
   Fly:       It grants you flight.
 w - an amulet of reflection (around neck)
 J - a +4 ring of evasion (right hand)
Wands
 g - a wand of light (4)
 A - a wand of digging (3)
 I - a wand of flame (25)
 K - a wand of iceblast (12)
 T - a wand of polymorph (9)
Scrolls
 h - 2 scrolls of fog
 m - 6 scrolls of teleportation
 p - 3 scrolls of magic mapping
 y - 3 scrolls of fear
 M - 3 scrolls of blinking
 P - a scroll of summoning
Potions
 e - 9 potions of curing
 k - 7 potions of heal wounds
 q - 2 potions of degeneration {unknown}
 u - 4 potions of magic {unknown}
 x - a potion of experience {unknown}
 z - a potion of lignification {unknown}
 B - 3 potions of brilliance
 C - 4 potions of resistance
 G - 2 potions of mutation {unknown}
 L - a potion of ambrosia {unknown}
 N - 2 potions of invisibility
 R - a potion of haste
Miscellaneous
 E - a piece from Xom's chessboard (15/15)


   Skills:
 - Level 17.6 Fighting
 + Level 13.3 Axes
 + Level 11.5 Armour
 + Level 11.5 Shields


You had 12 spell levels left.
You didn't know any spells.
Your spell library contained the following spells:

 Spells                   Type           Power      Damage    Failure   Level
 Freeze                   Ice            0%         1d3       61%         1
 Slow                     Hex            0%         N/A       61%         1
 Blink                    Tloc           0%         N/A       75%         2
 Momentum Strike          Conj/Tloc      0%         3d8       75%         2
 Confusing Touch          Hex            0%         N/A       93%         3
 Frozen Ramparts          Ice            0%         1d1       93%         3
 Hailstorm                Conj/Ice       0%         3d3       93%         3
 Lesser Beckoning         Tloc           0%         N/A       93%         3
 Vampiric Draining        Necr           0%         2d6       93%         3
 Animate Armour           Summ/Erth      0%         N/A       100%        4
 Ice Form                 Ice/Tmut       0%         N/A       100%        4
 Manifold Assault         Tloc           0%         N/A       100%        4
 Blade Hands              Tmut           0%         N/A       100%        5
 Dispersal                Tloc           0%         N/A       100%        6
 Iron Shot                Conj/Erth      0%         9d1       100%        6
 Disjunction              Tloc           0%         N/A       100%        8
 Simulacrum               Ice/Necr       Unusable   N/A       N/A         6

Dungeon Overview and Level Annotations

Branches:
Dungeon (12/15)            Temple (0/1) D:6            Lair (2/5) D:8
    Orc (2/2) D:11            Elf (0/3) Orc:2
  Swamp: Lair:2-3    Shoals: Lair:2-3     Snake: Lair:2-3    Spider: Lair:2-3

Altars:
Elyvilon
Fedhas
Gozag
Kikubaaqudgha
Ru
Trog
Wu Jian
Yredelemnul
The Shining One
Beogh

Shops:
D:3 *   D:4 *   D:10 *   D:11 [[   Orc:2 *[:[

Portals:
Abyss: Lair:1

Annotations:
D:4 2 runed translucent doors, oldriver's ghost, amateur HuHW
D:9 exclusion: 3 oklob plants
Lair:1 2 transporters, McGhostyFace's ghost, journeyman GnRe


Message History

You see here a +0 hand axe.
Items here: )) [[.
Okay, then.
There is a stone staircase leading up, spattered with blood here.
You climb upwards.
The orc sorcerer mumbles some strange words.
There is a stone staircase leading down, spattered with blood here.
You block the sixfirhy's attack. You block the orc sorcerer's attack.
The orc priest calls down the wrath of Beogh upon you.
Beogh smites you!
There is a stone staircase leading down, spattered with blood here.
You slash the orc sorcerer! You freeze the orc sorcerer.
The orc sorcerer is moderately wounded.
The orc priest shouts, "Surrender to Beogh and we'll let you live!"
You slash the sixfirhy! You freeze the sixfirhy.
The orc priest mumbles some strange prayers to Beogh against you.
Beogh smites you! You block the orc sorcerer's attack.
You hit the orc sorcerer but do no damage.
The orc sorcerer is moderately wounded.
You closely miss the sixfirhy. You block the sixfirhy's attack. x2
The orc sorcerer hits you but does no damage.
You hit the orc sorcerer but do no damage.
The orc sorcerer is moderately wounded.
You slash the sixfirhy! You freeze the sixfirhy.
The sixfirhy hits you but does no damage.
You block the sixfirhy's attack. The sixfirhy hits you!
The sixfirhy shocks you!
* * * LOW HITPOINT WARNING * * *
You can't go up here!
You block the sixfirhy's attack. The sixfirhy misses you.
You block the sixfirhy's attack. The orc sorcerer misses you.
You climb downwards.
The sixfirhy disappears in a puff of smoke!
There is a stone staircase leading up, spattered with blood here.
You slash the orc sorcerer! You freeze the orc sorcerer.
The orc sorcerer is heavily wounded.
The orc sorcerer casts a spell at you. The bolt of negative energy hits you!!!
You feel drained.
You die...
Your body crumbles into a pile of gold.

.##.#.#...# ##....## ##..
##.....#..## #......### ##...
.#.....#...# ###.......###....
......#....# ###..........##....
..........## #..................
...........# ##......#...........
........#.####......##.........##
........####....o)#####.......###
.).....))#)[[...@..#.##..........
.....)..)))[[##.[.....#..........
.......))#[######.....[[.........
.#..)...).## #...[......##.....
...........# ###.......####....
........#.## #.......### ###..
.........## ###......#.# #....
.######...# ##.#........###....
......##..# #..#.........#.....


You could see an orc sorcerer.

Vanquished Creatures
  Gastronok (Lair:1)
  An ogre mage (D:12)
  A centaur warrior (D:9)
  5 two-headed ogres
  An orc high priest (Orc:2)
  Nergalle (Orc:1)
  An orc knight (Orc:2)
  The ghost of sirJeffrey23 the Cudgeller, a novice FoFi of Cheibriados (D:6)
  4 cyclopes
  6 orc sorcerers (Orc:2)
  Joseph (Lair:1)
  3 elephants (Lair:1)
  A cane toad (Lair:1)
  2 unseen horrors (D:11)
  A kobold demonologist (D:11)
  3 komodo dragons
  Psyche (D:8)
  The ghost of hgbash the Sneak, a novice OpBr of Sif Muna (D:5)
  A rime drake (Lair:1)
  A polar bear (Lair:1)
  7 trolls
  5 blink frogs (Lair:1)
  A slime creature (D:9)
  A vampire (D:5)
  A wyvern (D:8)
  A shadow (D:9)
  19 yaks
  Eustachio (D:6)
  2 basilisks
  3 steam dragons
  3 wargs
  Menkaure (D:5)
  An acid dragon (D:11)
  7 water moccasins
  Duvessa (D:4)
  A floating eye (D:9)
  2 black bears
  16 orc warriors
  2 sky beasts (D:7)
  6 ogres
  8 centaurs
  2 phantoms (D:6)
  A kobold brigand (D:10)
  2 necrophages
  10 bullfrogs
  A gnoll sergeant (D:10)
  A scorpion (D:4)
  12 wights
  Dowan (D:4)
  9 killer bees
  2 howler monkeys
  2 jellies
  4 hounds
  25 orc priests
  A bullfrog skeleton (D:5)
  A gnoll bouda (D:5)
  2 iguanas
  26 orc wizards
  A mummy (D:5)
  8 gnolls
  8 adders
  2 shadow imps (D:7)
  4 worms
  A dart slug (D:2)
  42 orcs
  6 endoplasms
  3 giant cockroaches
  7 goblins
  10 hobgoblins
  4 quokkas
  8 ball pythons
  5 bats
  4 frilled lizards
  16 kobolds
  5 rats
362 creatures vanquished.

Vanquished Creatures (others)
  An orc priest (Orc:2)
  An orc (Orc:2)
  7 fungi (Lair:1)
  27 plants
  2 withered plants (D:6)
38 creatures vanquished.

Grand Total: 400 creatures vanquished

Notes
Turn   | Place    | Note
-------+----------+-------------------------------------------
     0 | D:1      | p00ps00p the Hill Orc Fighter began the quest for the Orb.
     0 | D:1      | Reached XP level 1. HP: 19/19 MP: 1/1
    75 | D:1      | Reached skill level 4 in Fighting
   116 | D:1      | Reached XP level 2. HP: 27/27 MP: 2/2
   686 | D:2      | Reached skill level 5 in Fighting
   686 | D:2      | Reached XP level 3. HP: 36/36 MP: 3/3
   982 | D:2      | Identified the ring of Todep {Fly rElec rN+}
  1127 | D:2      | Reached XP level 4. HP: 41/44 MP: 4/4
  1211 | D:3      | Found an opulent altar of Gozag.
  1212 | D:3      | Found Gozag's Platinum Reserve.
  1219 | D:3      | Became a worshipper of Gozag Ym Sagoz the Greedy
  1305 | D:3      | Reached skill level 6 in Fighting
  1430 | D:3      | Noticed a bullfrog
  1434 | D:3      | Killed a bullfrog
  1435 | D:3      | Reached skill level 7 in Fighting
  1435 | D:3      | Reached XP level 5. HP: 42/52 MP: 5/5
  2063 | D:4      | Noticed Duvessa
  2063 | D:4      | Noticed Dowan
  2532 | D:4      | Killed Duvessa
  2533 | D:4      | Reached skill level 8 in Fighting
  2533 | D:4      | Reached XP level 6. HP: 41/61 MP: 6/6
  2535 | D:4      | Killed Dowan
  2717 | D:4      | Found Nurait's Neck Hole.
  2821 | D:4      | Reached skill level 9 in Fighting
  2821 | D:4      | Reached XP level 7. HP: 65/70 MP: 7/7
  2841 | D:4      | Found a large runed translucent door.
  2841 | D:4      | Found a large runed translucent door.
  2995 | D:4      | Found an ornate altar of the Wu Jian Council.
  3477 | D:4      | Noticed oldriver's ghost (amateur HuHW)
  3514 | D:5      | Entered Level 5 of the Dungeon
  3603 | D:5      | Found a runed translucent gate.
  3604 | D:5      | Found a runed translucent gate.
  3605 | D:5      | Found a runed translucent gate.
  3608 | D:5      | Found an opulent altar of Gozag.
  3611 | D:5      | Noticed hgbash's ghost (novice OpBr)
  3645 | D:5      | Found a bloodstained altar of Trog.
  3761 | D:5      | Reached skill level 10 in Fighting
  4099 | D:5      | Found a basalt altar of Yredelemnul.
  4101 | D:5      | Noticed Menkaure
  4111 | D:5      | Found an ancient bone altar of Kikubaaqudgha.
  4131 | D:5      | Found a transporter.
  4141 | D:5      | Noticed a vampire
  4142 | D:5      | Found a transporter.
  4178 | D:5      | Found a glowing golden altar of the Shining One.
  4632 | D:6      | Found a runed translucent door.
  4638 | D:6      | Noticed sirJeffrey23's ghost (novice FoFi)
  4769 | D:6      | Found a staircase to the Ecumenical Temple.
  4819 | D:6      | Reached skill level 11 in Fighting
  4819 | D:6      | Reached XP level 8. HP: 76/82 MP: 8/8
  4922 | D:6      | Reached skill level 12 in Fighting
  5176 | D:6      | Noticed Eustachio
  5213 | D:6      | Killed Eustachio
  5537 | D:7      | Reached skill level 13 in Fighting
  5608 | D:4      | Bought a scarf of repulsion for 168 gold pieces
  5823 | D:7      | Reached XP level 9. HP: 85/93 MP: 9/9
  5941 | D:7      | Reached skill level 14 in Fighting
  6649 | D:8      | Noticed Psyche
  6658 | D:8      | Paralysed by something for 4 turns
  6686 | D:8      | Killed Psyche
  6806 | D:8      | Reached skill level 15 in Fighting
  7333 | D:8      | Noticed a komodo dragon
  7343 | D:8      | Killed a komodo dragon
  7344 | D:8      | Reached skill level 16 in Fighting
  7364 | D:8      | Noticed a komodo dragon
  7789 | D:8      | Reached XP level 10. HP: 106/108 MP: 10/10
  8244 | D:8      | Found a staircase to the Lair.
  8252 | D:8      | Reached skill level 17 in Fighting
  8426 | Lair:1   | Entered Level 1 of the Lair of Beasts
  8445 | Lair:1   | Noticed an elephant
  8445 | Lair:1   | Noticed an elephant
  8554 | Lair:1   | Noticed an elephant
  8555 | Lair:1   | Found a transporter.
  8558 | Lair:1   | Noticed a rakshasa
  8987 | Lair:1   | Noticed Gastronok
  9038 | Lair:1   | Found a one-way gate to the infinite horrors of the Abyss.
  9038 | Lair:1   | Noticed McGhostyFace's ghost (journeyman GnRe)
  9038 | Lair:1   | Noticed a purple ugly thing
  9040 | Lair:1   | Noticed a spriggan rider
  9047 | Lair:1   | Noticed an elephant
  9053 | Lair:1   | Noticed a cane toad
  9158 | Lair:1   | Killed a cane toad
  9159 | Lair:1   | Reached skill level 5 in Axes
  9244 | Lair:1   | Reached skill level 5 in Shields
  9440 | Lair:1   | Killed an elephant
  9441 | Lair:1   | Reached skill level 5 in Armour
  9442 | Lair:1   | Killed an elephant
  9443 | Lair:1   | Reached XP level 11. HP: 31/117 MP: 11/11
  9940 | Lair:1   | Noticed a red ugly thing
  9943 | Lair:1   | Noticed a worldbinder
  9994 | Lair:1   | Killed Gastronok
 10118 | Lair:1   | Found a transporter.
 10546 | Lair:1   | Noticed Joseph
 10557 | Lair:1   | Killed Joseph
 10685 | Lair:1   | Noticed a rakshasa
 11033 | D:5      | Killed hgbash's ghost
 11128 | D:6      | Killed sirJeffrey23's ghost
 11342 | D:5      | Killed Menkaure
 11525 | D:9      | Noticed a two-headed ogre
 11541 | D:9      | Killed a two-headed ogre
 11652 | D:9      | Noticed a centaur warrior
 11654 | D:9      | Noticed a cyclops
 11654 | D:9      | Noticed a cyclops
 11661 | D:9      | Noticed an oklob plant
 11781 | D:9      | Killed a centaur warrior
 11782 | D:9      | Reached XP level 12. HP: 121/126 MP: 12/12
 12371 | D:9      | Reached skill level 10 in Axes
 12506 | D:9      | Found a blossoming altar of Fedhas.
 12719 | D:9      | Found a white marble altar of Elyvilon.
 12772 | D:9      | Noticed a two-headed ogre
 12781 | D:9      | Killed a two-headed ogre
 12889 | D:9      | Paralysed by a floating eye for 2 turns
 13023 | D:10     | Entered Level 10 of the Dungeon
 13611 | D:10     | Found Vitheuh's Assorted Antiques.
 13617 | D:10     | Bought a scroll labelled BAOCVO IS INUO for 21 gold pieces
 13617 | D:10     | Bought a scroll of teleportation for 63 gold pieces
 13617 | D:10     | Bought a scroll of magic mapping for 157 gold pieces
 13617 | D:10     | Bought a potion of heal wounds for 105 gold pieces
 13617 | D:10     | Bought a potion of curing for 63 gold pieces
 13983 | D:10     | Identified the +9 plate armour "Juemmesh" {rN+++ Will+ MP+9
                  | Dex-5}
 14299 | D:11     | Found a sacrificial altar of Ru.
 14501 | D:11     | Found Kaez's Antique Armour Shoppe.
 14504 | D:11     | Bought a pair of embroidered gloves for 232 gold pieces
 14959 | D:11     | Reached skill level 10 in Armour
 14959 | D:11     | Reached skill level 10 in Shields
 14982 | D:11     | Found a staircase to the Orcish Mines.
 15335 | D:11     | Found Faugev's Antique Armour Shop.
 15606 | D:12     | Noticed an ogre mage
 15606 | D:12     | Noticed a two-headed ogre
 15606 | D:12     | Noticed a two-headed ogre
 15606 | D:12     | Noticed a two-headed ogre
 15612 | D:12     | Killed a two-headed ogre
 15623 | D:12     | Killed an ogre mage
 15630 | D:12     | Killed a two-headed ogre
 15631 | D:12     | Reached XP level 13. HP: 73/133 MP: 13/13
 16451 | Orc:1    | Entered Level 1 of the Orcish Mines
 16451 | Orc:1    | Found a roughly hewn altar of Beogh.
 16456 | Orc:1    | Noticed Nergalle
 16485 | Orc:1    | Killed Nergalle
 16781 | Orc:2    | Entered Level 2 of the Orcish Mines
 16928 | Orc:2    | Found a staircase to the Elven Halls.
 17045 | Orc:2    | Found Tiwideq's Assorted Antiques.
 17045 | Orc:2    | Found Motozuen's Armour Boutique.
 18050 | Orc:2    | Paralysed by an orc sorcerer for 2 turns
 18068 | Orc:2    | Paralysed by an orc sorcerer for 4 turns
 18430 | Orc:2    | Found Iffiol's Antique Armour Shop.
 18437 | Orc:2    | Found Feic's Book Shop.
 18475 | Orc:2    | Bought 3 scrolls of teleportation for 270 gold pieces
 18475 | Orc:2    | Bought a scroll of identify for 60 gold pieces
 18475 | Orc:2    | Bought a scroll of brand weapon for 285 gold pieces
 18689 | Orc:2    | Killed from afar by an orc sorcerer

Illustrated notes

Levels and vault maps discovered:
D:1:      mrwooster_arrival_statue_3, layout_loops_ring
D:2:      layout_rooms, serial_bayou_ford_a, minmay_indecisive_spiral
D:3:      layout_basic, nicolae_gozag_zags_fifth_avenue, minmay_quadrilaterals
D:4:      layout_loops_ring, nicolae_wu_jian_wuxing_cycle,
          ebering_ghost_disaster_area, nicolae_shop_sticking_my_neck_out,
          uniq_duvessa
D:5:      layout_basic, lemuel_tele_altar, trog_hazing_becter,
          gammafunk_temple_of_torment, ebering_ghost_gozag
D:6:      layout_basic, minmay_temple_entry_trees, gammafunk_ghost_grave,
          uniq_menkaure, uniq_eustachio
D:7:      layout_loops_ring
D:8:      layout_loops_ring, erik_lair_dragon, uniq_psyche
D:9:      minmay_bloctagon_deflated, layout_irregular_city,
          mainiacjoe_overflow_swirl, disabler_island
D:10:     layout_long_grid, serial_shops, nicolae_square_shop, minmay_orc_keep
D:11:     layout_long_grid, david_orc_1_choice, serial_shops,
          kennysheep_mini_moat, nicolae_shop_trees, serial_rivers,
          chequers_serial_rivers_small_3, chequers_serial_rivers_micro_d,
          chequers_serial_rivers_large_b, chequers_serial_rivers_micro_c,
          nicolae_ru_path_of_blood
D:12:     layout_loops_corners, serial_aquarium, aquarium_bridge_square
          [aquarium_subvault_wall, aquarium_subvault_wall,
          aquarium_subvault_bridge, aquarium_subvault_window],
          aquarium_window_corner, aquarium_window_2, aquarium_window_1,
          aquarium_window_1, aquarium_view_2e, aquarium_balcony_5b
Lair:1:   layout_loops_ring, gammafunk_ghost_abyssal_escape, uniq_joseph,
          uniq_gastronok
Lair:2:   layout_loops_ring, guppyfry_snake_entry_island, st_stairs_9
Orc:1:    layout_diamond_mine, basic_altar, uniq_nergalle, uniq_josephine,
          uniq_maurice
Orc:2:    st_orc_mages, layout_diamond_mine

Skill      XL: |  1  2  3  4  5  6  7  8  9 10 11 12 13 |
---------------+----------------------------------------+-----
Fighting       | 4 5 7 8 9 11 13 16 17 | 17.6
Axes           | 5 9 12 13 | 13.3
Armour         | 5 8 10 11 | 11.5
Shields        | 5 8 10 11 | 11.5

Action                   |  1- 3 |  4- 6 |  7- 9 | 10-12 | 13-15 || total
-------------------------+-------+-------+-------+-------+-------++-------
Melee: War axe           |   111 |    53 |   257 |   635 |   300 ||  1356
Throw: Dart              |       |     2 |     4 |     1 |       ||     7
Evoke: Wand              |       |       |       |     1 |       ||     1
       Piece from Xom's  |       |       |       |     2 |       ||     2
  Use: Scroll            |       |     7 |    11 |    11 |     8 ||    37
       Potion            |       |       |     6 |     3 |       ||     9
 Stab: Distracted        |       |       |       |     2 |       ||     2
Armor: Scale mail        |    61 |    36 |   100 |       |       ||   197
       Ring mail         |       |       |    52 |   241 |   111 ||   404
Dodge: Dodged            |    48 |    30 |   119 |   457 |   163 ||   817
       Repelled          |       |       |       |     1 |     1 ||     2
Block: Buckler           |    34 |    15 |   219 |   549 |   256 ||  1073
       Reflection        |       |       |     3 |    23 |     6 ||    32

Table legend: (Time is in decaauts)
 A = Elapsed time spent in this place.
 B = Non-inter-level travel time spent in this place.
 C = Inter-level travel time spent in this place.
 D = Time resting spent in this place.
 E = Time spent auto-exploring this place.
 F = Levels seen in this place.
 G = Mean time per level.
                   A        B        C        D        E       F      G
               +--------+--------+--------+--------+--------+-----+--------+
         Total |  18932 |  17695 |   1237 |   3324 |   9225 |  16 | 1183.2 |
       Dungeon |  14385 |  13321 |   1064 |   1613 |   8135 |  12 | 1198.8 |
          Lair |   2336 |   2206 |    130 |    973 |    480 |   2 | 1168.0 |
  Orcish Mines |   2210 |   2167 |     43 |    738 |    610 |   2 | 1105.0 |
               +--------+--------+--------+--------+--------+-----+--------+

Top non-repeatable levels by time:
     D:8: 2406 daAuts
  Lair:1: 2335 daAuts
   Orc:2: 1860 daAuts
    D:11: 1651 daAuts
     D:9: 1620 daAuts
     D:5: 1507 daAuts
     D:3: 1306 daAuts
     D:6: 1218 daAuts
    D:10: 1154 daAuts
     D:4: 1127 daAuts
     D:7: 810 daAuts
     D:1: 701 daAuts
     D:2: 553 daAuts
   Orc:1: 350 daAuts
    D:12: 327 daAuts
